 Dungeon Crawl Stone Soup version 0.30-a0-782-ge64f9170bb (webtiles) character file.

Game seed: 12477113064874588243

76 Dirtsage the Chopper (level 4, 21/35 HPs)
             Began as a Demonspawn Fighter on Mar 13, 2023.
             Quit the game on level 3 of the Dungeon.
             The game lasted 00:03:22 (1551 turns).

Dirtsage the Chopper (Demonspawn Fighter)           Turns: 1551, Time: 00:03:22

Health: 21/35      AC:  6    Str: 19    XL:     4   Next: 12%
Magic:  4/4        EV:  9    Int: 11    God:
Gold:   42         SH:  8    Dex: 12    Spells: 3/3 levels left

rFire   . . .      SeeInvis .    a - +0 war axe
rCold   . . .      Faith    .    c - +0 buckler
rNeg    . . .      Spirit   .    b - +0 scale mail
rPois   .          Reflect  .    (helmet restricted)
rElec   .          Harm     .    (no cloak)
rCorr   .          Rampage  .    (no gloves)
Will    .....                    (no boots) Stlth
                                 (no amulet)
HPRegen 0.25/turn                W - ring of wizardry
MPRegen 0.09/turn                (no ring)

@: mildly poisoned (21 -> 21)
A: antennae 1, big brain 1, condensation shield
a: no special abilities


You were on level 3 of the Dungeon.
You visited 1 branch of the dungeon, and saw 3 of its levels.

You collected 154 gold pieces.
You spent 112 gold pieces at shops.

Inventory:

Hand Weapons
 a - a +0 war axe (weapon)
Armour
 b - a +0 scale mail (worn)
 c - a +0 buckler (worn)
Jewellery
 i - an amulet of faith
 W - a ring of wizardry (left hand)
Scrolls
 f - a scroll of noise {unknown}
 g - 2 scrolls of magic mapping {unknown}
 j - a scroll of immolation {unknown}
 k - a scroll of blinking {unknown}
 m - a scroll of identify {unknown}
 n - 2 scrolls of teleportation {unknown}
 p - a scroll of fear {unknown}
Potions
 d - a potion of might
 e - a potion of lignification {unknown}
 l - 3 potions of heal wounds
 o - a potion of degeneration {unknown}
 q - 2 potions of curing


   Skills:
 - Level 3.0 Fighting
 + Level 4.0 Axes
 - Level 2.6 Armour
 - Level 2.6 Shields


You had 3 spell levels left.
You didn't know any spells.
Your spell library contained the following spells:

 Spells                   Type           Power      Damage    Failure   Level
 Magic Dart               Conj           0%         1d3       47%         1
 Necrotise                Necr           0%         1d4       47%         1
 Call Imp                 Summ           0%         N/A       61%         2
 Inner Flame              Hex/Fire       0%         N/A       83%         3
 Mephitic Cloud           Conj/Pois/Air  0%         N/A       83%         3
 Vampiric Draining        Necr           0%         2d6       83%         3
 Cause Fear               Hex            0%         N/A       99%         4
 Agony                    Necr           0%         N/A       100%        5
 Discord                  Hex            0%         N/A       100%        8


Dungeon Overview and Level Annotations

Branches:
Dungeon (3/15)

Altars:
Vehumet

Shops:
D:2 !


Innate Abilities, Weirdness & Mutations

You have a pair of small antennae on your head.
You have an unusually large brain. (Int +2)
A meltable shield of frost defends you. (SH +4)


Message History

Found a faded altar of an unknown god.
An adder comes into view.
Found a radiant altar of Vehumet.
The adder hisses angrily.
The adder barely misses you. The adder closely misses you.
You barely miss the adder. The adder barely misses you.
You closely miss the adder. The adder bites you. The adder barely misses you.
You take 2 damage, and have 27/29 hp.
You closely miss the adder.
The adder bites you but does no damage. x2
You closely miss the adder. The adder misses you. The adder bites you.
You are poisoned.
The adder poisons you!
You take 2 damage, and have 25/29 hp.
You hit the adder.
The adder is lightly wounded.
You feel very sick. The adder bites you.
You take 4 damage, and have 21/29 hp.
You miss the adder.
The adder is lightly wounded.
You feel sick. The adder bites you but does no damage.
The adder barely misses you.
You take 1 damage, and have 20/29 hp.
You are too injured to fight recklessly!
You are too injured to fight recklessly!
You are too injured to fight recklessly!
You miss the adder.
The adder is lightly wounded.
You feel sick. You block the adder's attack. x2
You take 1 damage, and have 19/29 hp.
You slash the adder!
You kill the adder!
You feel sick.
Your Axes skill increases to level 4!
You have reached level 4!
You feel stronger.
Your demonic ancestry asserts itself...
Frost condenses into a shield before you.
You regained 2 hp, and now have 21/35 hp.
MP restored: 4 Are you sure you want to abandon this character and quit the game? (Confirm with "yes".)

### #_# ##.##
##...##
#..#..#
#.###@# #.#
#.# ####.#
...
##.'..#...._
#..##.#_...##
#.###.###.##
####.###.#
#.#
####......#..
..#
#.........##.


There were no monsters in sight!

Vanquished Creatures
  4 adders
  4 bats
  5 endoplasms
  A giant cockroach (D:1)
  6 goblins
  2 hobgoblins (D:1)
  4 jackals (D:1)
  4 kobolds
  2 quokkas
  2 ball pythons (D:1)
  A frilled lizard (D:1)
  2 rats
37 creatures vanquished.

Notes
Turn   | Place    | Note
-------+----------+-------------------------------------------
     0 | D:1      | Dirtsage the Demonspawn Fighter began the quest for the
                  | Orb.
     0 | D:1      | Reached XP level 1. HP: 18/18 MP: 1/1
    69 | D:1      | Reached skill level 2 in Axes
   153 | D:1      | Gained mutation: You have an unusually large brain. (Int
                  | +2) [demonic ancestry]
   153 | D:1      | Reached XP level 2. HP: 22/24 MP: 2/2
   336 | D:1      | Reached skill level 3 in Axes
   489 | D:1      | Gained mutation: You have a pair of small antennae on your
                  | head. [demonic ancestry]
   489 | D:1      | Reached XP level 3. HP: 25/29 MP: 3/3
  1430 | D:2      | Found Reit Uce's Distillery.
  1439 | D:2      | Bought a potion of heal wounds for 70 gold pieces
  1439 | D:2      | Bought a potion of curing for 42 gold pieces
  1531 | D:3      | Found a faded altar of an unknown god.
  1539 | D:3      | Found a faded altar of an unknown god.
  1541 | D:3      | Found a radiant altar of Vehumet.
  1551 | D:3      | Reached skill level 4 in Axes
  1551 | D:3      | Gained mutation: A meltable shield of frost defends you.
                  | (SH +4) [demonic ancestry]
  1551 | D:3      | Reached XP level 4. HP: 21/35 MP: 4/4
  1551 | D:3      | Quit the game

Illustrated notes

Levels and vault maps discovered:
D:1:      amcnicky_arrival_gap_in_the_tavern_cellar, layout_basic,
          minmay_curled_crystal
D:2:      layout_basic, serial_shops, nicolae_lakefront_shop,
          hangedman_abyss_or_decor_lesser_grid
D:3:      layout_rooms, mainiacjoe_overflow_surrounded_room,
          kennysheep_vampire_church, chequers_temple_overflow_minitemple,
          serial_shops, shop, hellmonk_ecumenical_altar_leap_of_faith

Skill      XL: |  1  2  3 |
---------------+----------+-----
Axes           | 2 3 4 |  4.0
Fighting       | |  3.0
Armour         | |  2.6
Shields        | |  2.6

Action                     |  1- 3 |  4- 6 || total
---------------------------+-------+-------++-------
  Melee: War axe           |   113 |       ||   113
 Armour: Scale mail        |    70 |       ||    70
  Dodge: Dodged            |    60 |       ||    60
  Block: Buckler           |    39 |       ||    39

Table legend: (Time is in decaauts)
 A = Elapsed time spent in this place.
 B = Non-inter-level travel time spent in this place.
 C = Inter-level travel time spent in this place.
 D = Time resting spent in this place.
 E = Time spent auto-exploring this place.
 F = Levels seen in this place.
 G = Mean time per level.
                   A        B        C        D        E       F      G
               +--------+--------+--------+--------+--------+-----+--------+
         Total |   1595 |   1556 |     39 |      0 |   1296 |   3 |  531.7 |
       Dungeon |   1595 |   1556 |     39 |      0 |   1296 |   3 |  531.7 |
               +--------+--------+--------+--------+--------+-----+--------+

Top non-repeatable levels by time:
     D:1: 911 daAuts
     D:2: 637 daAuts
     D:3: 47 daAuts
